 Dungeon Crawl Stone Soup version 0.19-a0-1834-g6b7851e (webtiles) character file.

72 graki42 the Insei (level 4, 0/28 HPs)
             Began as an Octopode Transmuter on Oct 9, 2016.
             Slain by a bat (1 damage)
             ... in a sewer.
             The game lasted 00:05:17 (1701 turns).

graki42 the Insei (Octopode Transmuter)             Turns: 1701, Time: 00:05:18

Health: 0/28       AC:  1    Str:  9    XL:     4   Next: 26%
Magic:  7/7        EV: 14    Int: 15    God:
Gold:   229        SH:  0    Dex: 13    Spells: 2 memorised, 4 levels left

rFire  . . .     SeeInvis .       - Unarmed
rCold  . . .     Gourm    .     (no shield)
rNeg   . . .     Faith    .     (helmet restricted)
rPois  .         Spirit   .     (no amulet)
rElec  .         Dismiss  .     (no ring)
rCorr  .         Reflect  .     (no ring)
MR     .....     Harm     .     (no ring)
Stlth  +++.......               (no ring)
                                (no ring)
                                (no ring)
                                (no ring)
                                (no ring)

@: very slightly contaminated
A: almost no armour, stealthy swim, amphibious, 8 rings, constrict 8, camouflage
1, gelatinous body 1
a: no special abilities


You were in a sewer.
You were not hungry.

You visited 1 branch of the dungeon, and saw 3 of its levels.
You also visited: Sewer.

You collected 229 gold pieces.

Inventory:

Missiles
 a - 40 arrows
Scrolls
 d - 5 scrolls of identify
 i - a scroll of remove curse
Potions
 g - a potion of brilliance {unknown}
 j - a potion of might {unknown}
Books
 b - a book of Changes

   Spells                             Type                      Level
   a - Beastly Appendage              Transmutation                1
   b - Sticks to Snakes               Transmutation                2
   c - Spider Form                    Transmutation/Poison         3
   d - Ice Form                       Ice/Transmutation            4
   e - Blade Hands                    Transmutation                5
Comestibles
 c - 2 bread rations


   Skills:
 + Level 1.2 Fighting
 + Level 2.6 Dodging
 + Level 1.5 Stealth
 + Level 3.5 Unarmed Combat
 + Level 2.6 Spellcasting
 + Level 2.4 Transmutations


You had 4 spell levels left.
You knew the following spells:

 Your Spells              Type           Power        Failure   Level  Hunger
a - Beastly Appendage     Tmut           #.....       10%         1    #......
b - Spider Form           Tmut/Pois      #.........   43%         3    ###....


Dungeon Overview and Level Annotations

Branches:
Dungeon (3/15)

Altars:
Fedhas
Gozag
Makhleb
Vehumet
Xom


Innate Abilities, Weirdness & Mutations

You cannot wear most types of armour.
You are very stealthy in the water. (Stealth+)
You are amphibious.
You can wear up to eight rings at the same time.
You can use your tentacles to constrict eight enemies at once.
Your skin changes colour to match your surroundings (Stealth+).
Your rubbery body absorbs attacks. (AC +1, EV +1)


Message History

You barely miss the bat. You grab the bat. You constrict the bat. x2
The bat hits you.
* * * LOW HITPOINT WARNING * * *
The bat closely misses you.
The bat escapes!
The bat struggles to escape constriction.
The bat barely misses you.
The bat escapes!
You barely miss the bat. Your grab misses the bat.
The bat is severely wounded.
The bat hits you.
* * * LOW HITPOINT WARNING * * *
The bat closely misses you. The bat barely misses you.
You tentacle-slap the bat.
You kill the bat!
The bat closely misses you.
You barely miss the bat. Your grab misses the bat.
The bat is severely wounded.
You flicker back into view.
The bat misses you. The bat barely misses you. The bat hits you.
You die...

######
#.....#
##...≈...
##...≈≈≈..
#.†bb≈≈≈≈.
##@..≈≈≈..
##...≈...
#.....#
######


You could see 2 bats.

Vanquished Creatures
  2 adders (D:2)
  A dart slug (D:3)
  5 leopard geckos (D:3)
  A ball python (D:1)
  6 giant cockroaches
  3 goblins
  3 hobgoblins
  4 jackals (D:1)
  5 kobolds
  8 bats
  5 frilled lizards
  4 rats
47 creatures vanquished.

Vanquished Creatures (others)
  5 toadstools (D:1)
5 creatures vanquished.

Grand Total: 52 creatures vanquished

Notes
Turn   | Place    | Note
-------+----------+-------------------------------------------
     0 | D:1      | graki42 the Octopode Transmuter began the quest for the Orb.
     0 | D:1      | Reached XP level 1. HP: 13/13 MP: 3/3
   193 | D:1      | Reached XP level 2. HP: 17/18 MP: 3/5
   385 | D:1      | Found a shimmering altar of Xom.
   387 | D:1      | Found a hazy altar of Hepliaklqana.
   387 | D:1      | Found a burning altar of Makhleb.
   389 | D:1      | Found a blossoming altar of Fedhas.
   389 | D:1      | Found an opulent altar of Gozag.
   389 | D:1      | Found a radiant altar of Vehumet.
   835 | D:2      | Reached XP level 3. HP: 22/23 MP: 4/6
  1019 | D:2      | Reached skill level 1 in Stealth
  1581 | D:2      | Learned a level 3 spell: Spider Form
  1633 | D:3      | Reached XP level 4. HP: 28/28 MP: 7/7
  1645 | D:3      | Found a glowing drain.
  1684 | Sewer    | Entered a sewer
  1698 | Sewer    | HP: 1/28 [bat (1)]
  1701 | Sewer    | Slain by a bat

Vault maps used:
D:1:      ldierk_walled_garden, doesnt_xom_only_xom
D:3:      nicolae_overflow_crystal_walls, amethyst_overflow_temple_binary,
          portal_sewer_entry_f
Sewer:    sewer_big_baddie

Skill      XL: |  1  2  3 |
---------------+----------+-----
Stealth        | 1 |  1.5
Fighting       | |  1.2
Dodging        | |  2.6
Unarmed Combat | |  3.5
Spellcasting   | |  2.6
Transmutations | |  2.4

Action                   |  1- 3 |  4- 6 || total
-------------------------+-------+-------++-------
Melee: Unarmed           |    83 |    25 ||   108
       Kick              |    19 |     2 ||    21
       Constrict         |    20 |     8 ||    28
       Tentacles         |    13 |     4 ||    17
 Cast: Beastly Appendage |    18 |     1 ||    19
  Use: Scroll            |       |     5 ||     5
       Potion            |       |     1 ||     1
 Stab: Sleeping          |    12 |     1 ||    13
       Distracted        |     1 |       ||     1
  Eat: Chunk             |     1 |     2 ||     3
Armor: Skin              |     8 |     3 ||    11
Dodge: Dodged            |    49 |    46 ||    95
